 Dungeon Crawl Stone Soup version 0.31.0-12-g77e489cdc1 (webtiles) character file.

Game seed: 17745344406146973975

120 Silvore the Covered (level 4, 0/41 HPs)
             Began as a Minotaur Fighter on Feb 29, 2024.
             Slain by a gnoll
             ... wielding a +0 halberd
              (5 damage)
             ... on level 4 of the Dungeon.
             The game lasted 00:04:11 (2543 turns).

Silvore the Covered (Minotaur Fighter)              Turns: 2543, Time: 00:04:12

Health: 0/41       AC:  7    Str: 22    XL:     4   Next: 75%
Magic:  3/3        EV:  9    Int:  5    God:
Gold:   101        SH:  4    Dex: 10    Spells: 3/3 levels left

rFire   . . .        a - +1 flail
rCold   . . .        c - +0 buckler
rNeg    . . .        b - +0 scale mail
rPois   .            (helmet restricted)
rElec   .            (no cloak)
rCorr   .            (no gloves)
SInv    .            (no boots)
Will    .....        (no amulet) Stlth
                     (no ring)
HPRegen 0.26/turn    (no ring)
MPRegen 0.08/turn

%: no passive effects
@: no status effects
A: horns 2, retaliatory headbutt
a: no special abilities


You were on level 4 of the Dungeon.
You visited 1 branch of the dungeon, and saw 4 of its levels.

You collected 101 gold pieces.

Inventory:

Hand Weapons
 a - a +1 flail (weapon)
Armour
 b - a +0 scale mail (worn)
 c - a +0 buckler (worn)
Scrolls
 j - a scroll of vulnerability
 l - a scroll of enchant weapon
Potions
 d - a potion of might
 e - a potion of brilliance
 h - 2 potions of curing
 i - a potion of enlightenment
 k - a potion of ambrosia {unknown}
 m - 2 potions of lignification


   Skills:
 + Level 4.4 Fighting
 + Level 4.0 Maces & Flails
 + Level 4.7 Armour
 + Level 0.6 Dodging
 + Level 4.1 Shields


You had 3 spell levels left.
You didn't know any spells.
Your spell library was empty.

Dungeon Overview and Level Annotations

Branches:
Dungeon (4/15)
 Temple: D:4-7

Altars:

Shops:
D:2 [

Annotations:
D:4 Menkaure


Innate Abilities, Weirdness & Mutations

You have a pair of horns on your head.
You reflexively headbutt those who attack you in melee.


Message History

There is a stone staircase leading down here.
You climb downwards.
The gnoll shouts! x4; You hear a shout!
Found four items.
There is a stone staircase leading up here.
There are monsters nearby!
There are monsters nearby!
The gnoll hits you with a +0 flail.
The gnoll hits you from afar with a +0 spear.
You sock the gnoll!
You kill the gnoll!
The gnoll hits you from afar with a +0 spear.
The gnoll barely misses you. The gnoll closely misses you.
You block the gnoll's attack.
Things that are here:
a +0 flail; a gnoll corpse Menkaure, Prince of Dust comes into view.
Menkaure shouts!
The gnoll hits you with a +0 halberd! The gnoll hits you but does no damage.
You hit the gnoll. You headbutt the gnoll.
The gnoll is heavily wounded.
The gnoll barely misses you. The gnoll hits you but does no damage.
You block the gnoll's attack.
Menkaure calls on the powers of darkness!
The gnoll convulses!
Your body is wracked with pain!
The gnoll convulses! x2
You hit the gnoll but do no damage.
The gnoll is severely wounded.
The gnoll barely misses you. The gnoll hits you with a +0 whip.
* * * LOW HITPOINT WARNING * * *
The gnoll barely misses you.
Unknown command.
The gnoll hits you with a +0 spear.
* * * LOW HITPOINT WARNING * * *
The gnoll closely misses you. The gnoll attacks as it pursues you!
The gnoll hits you with a +0 whip.
* * * LOW HITPOINT WARNING * * *
Things that are here:
a +0 flail; a gnoll corpse The gnoll hits you from afar with a +0 halberd.
You die...

...###...#....
#...#........
#..$....#..
.#.!#......
..........##
...........##
.......g....###
#...M.........#
...#?..g)@<..##
##..g...)##
######.## ###


You could see Menkaure and 3 gnolls.

Vanquished Creatures
  Robin (D:3)
  An adder (D:3)
  A gnoll (D:4)
  3 dart slugs
  A ribbon worm (D:2)
  An orc (D:3)
  5 ball pythons
  4 bats
  7 endoplasms
  A giant cockroach (D:1)
  13 goblins
  11 hobgoblins
  7 jackals
  4 quokkas
  A frilled lizard (D:1)
  3 kobolds
  8 rats
72 creatures vanquished.

Notes
Turn   | Place    | Note
-------+----------+-------------------------------------------
     0 | D:1      | Silvore the Minotaur Fighter began the quest for the Orb.
     0 | D:1      | Reached XP level 1. HP: 19/19 MP: 0/0
   150 | D:1      | Reached XP level 2. HP: 27/27 MP: 1/1
   437 | D:1      | Reached XP level 3. HP: 32/33 MP: 2/2
  1189 | D:2      | Found Xeracune's Antique Armour Shoppe.
  1714 | D:3      | Noticed Robin
  1727 | D:3      | Killed Robin
  1728 | D:3      | Reached XP level 4. HP: 31/41 MP: 3/3
  1998 | D:3      | Found a faded altar of an unknown god.
  2539 | D:4      | Noticed Menkaure
  2543 | D:4      | Slain by a gnoll

Illustrated notes

Levels and vault maps discovered:
D:1:      psy_arrival_basics, layout_rooms, grunt_decor_arrowhead, st_stairs_3,
          grunt_decor_junction
D:2:      layout_loops_corners, serial_shops, nicolae_shop_dealshenge
D:3:      layout_basic, chequers_ecumenical_altar_simple_redux, uniq_robin
D:4:      layout_cave_pools, grunt_temple_overflow_gold_and_silver,
          uniq_menkaure

Skill      XL: |  1  2  3  4 |
---------------+-------------+-----
Fighting       | 4 |  4.4
Armour         | 4 |  4.7
Maces & Flails | 3 4 |  4.0
Shields        | 4 |  4.1
Dodging        | |  0.6

Action                     |  1- 3 |  4- 6 || total
---------------------------+-------+-------++-------
  Melee: Flail             |   100 |    49 ||   149
         Headbutt          |    12 |     5 ||    17
    Use: Scroll            |     9 |     3 ||    12
 Armour: Scale mail        |    93 |    44 ||   137
  Dodge: Dodged            |    55 |    28 ||    83
  Block: Buckler           |    34 |    13 ||    47
